 Dungeon Crawl Stone Soup version 0.30.1-4-g462c640d31 (webtiles) character file.

Game seed: 17012754821487819631

40 arthad the Ruffian (level 3, -3/29 HPs)
             Began as a Draconian Transmuter on Sept 5, 2023.
             Slain by a gnoll
             ... wielding a +0 flail
              (4 damage)
             ... on level 2 of the Dungeon.
             The game lasted 00:02:52 (1142 turns).

arthad the Ruffian (Draconian Transmuter)           Turns: 1142, Time: 00:02:53

Health: -3/29      AC:  5    Str:  9 (12) XL:     3   Next: 30%
Magic:  15/15      EV: 12    Int: 14 (15) God:
Gold:   100        SH:  0    Dex:  9 (11) Spells: 1/6 levels left

rFire   . .          .
                       - Unarmed
rCold   . . .        (no shield)
rNeg    . . .        (body armour unavailable)
rPois   .            (helmet currently unavailable)
rElec   .            (no cloak)
rCorr   .            (no gloves)
SInv    .            (boots currently unavailable)
Will    .....        (no amulet)
Stlth   +            h - ring of magical power
HPRegen 0.24/turn    i - ring of wizardry
MPRegen 0.14/turn

%: wizardry (x1)
@: brilliant, appendages (expiring)
A: horns 2, talons 2, AC +5, unfitting armour, cold-blooded
a: End Transformation


You were on level 2 of the Dungeon.
You had temporarily grown beastly horns and talons.
You visited 1 branch of the dungeon, and saw 2 of its levels.

You collected 100 gold pieces.

Inventory:

Hand Weapons
 b - a +0 short sword of draining
 c - a +0 whip of holy wrath
Jewellery
 h - a ring of magical power (left hand)
 i - a ring of wizardry (right hand)
Scrolls
 f - a scroll of identify {unknown}
 j - 2 scrolls of fog {unknown}
Potions
 a - a potion of lignification
 g - a potion of resistance {unknown}


   Skills:
 * Level 1.7 Fighting
 * Level 2.1 Dodging
 + Level 0.0 Stealth
 * Level 3.2 Unarmed Combat
 * Level 2.2 Spellcasting
 * Level 0.6 Conjurations
 * Level 0.0 Translocations
 * Level 2.4 Transmutations


You had one spell level left.
You knew the following spells:

 Your Spells              Type           Power      Damage    Failure   Level
a - Beastly Appendage     Tmut           24%        N/A       3%          1
b - Wereblood             Tmut           12%        N/A       5%          2
c - Momentum Strike       Conj/Tloc      6%         3d8       12%         2

Your spell library contained the following spells:

 Spells                   Type           Power      Damage    Failure   Level
 Spider Form              Tmut/Pois      7%         N/A       16%         3
 Ice Form                 Ice/Tmut       7%         N/A       45%         4
 Flame Wave               Conj/Fire      3%         2d5       58%         4
 Blade Hands              Tmut           6%         N/A       65%         5
 Iron Shot                Conj/Erth      1%         9d1       100%        6
 Orb of Destruction       Conj           2%         9d5       100%        7
 Animate Armour           Summ/Erth      Unusable   N/A       N/A         4

Dungeon Overview and Level Annotations

Branches:
Dungeon (2/15)

Altars:


Innate Abilities, Weirdness & Mutations

You have temporarily grown beastly horns and talons.
Your plain brown scales are hard. (AC +5)
You cannot fit into any form of body armour.
You are cold-blooded and may be slowed by cold attacks.


Message History

You barely miss the worm.
The worm is heavily wounded.
The kobold barely misses you. The gnoll closely misses you. The worm bites you.
You hit the worm.
The worm is heavily wounded.
The kobold hits you but does no damage. The gnoll closely misses you.
You barely miss the worm. Your kick misses the worm. You headbutt the worm!
You tail-slap the worm, but do no damage.
The worm is almost dead.
Your transformation is almost over.
The worm misses you. The kobold hits you but does no damage.
The gnoll misses you.
You hit the worm but do no damage. You headbutt the worm.
You kill the worm!
The kobold hits you but does no damage. The gnoll hits you with a +0 flail!
The worm bites you but does no damage.
You are too injured to fight recklessly!
You are too injured to fight recklessly!
You are too injured to fight recklessly!
You are too injured to fight recklessly!
You are too injured to fight recklessly!
You are too injured to fight recklessly!
You are too injured to fight recklessly!
You are too injured to fight recklessly!
You are too injured to fight recklessly!
The kobold attacks as you move away! The kobold hits you with a +0 dagger.
* * * LOW HITPOINT WARNING * * *
The gnoll barely misses you. The kobold attacks as you move away!
The kobold hits you with a +0 dagger.
* * * LOW HITPOINT WARNING * * *
The kobold throws a stone.
The stone hits you but does no damage.
It was a potion of brilliance.
You feel clever all of a sudden. The gnoll hits you with a +0 flail.
* * * LOW HITPOINT WARNING * * *
It was a potion of degeneration.
There was something very wrong with that liquid.
You feel weakened.
You feel dopey.
You feel clumsy. The gnoll hits you with a +0 flail.
You die...

..# $.# ... #.# #.#
#.#
###########.###.###
####....[...@gK.......
#......#######.#.....#
#>..†..# #....†.......
#......# #...........#
#.###### #......##...#
#.# #......# ..# #.#
#......# .#
#.########.###### #
#..^....##.


You could see a gnoll and a kobold.

Vanquished Creatures
  A worm (D:2)
  A dart slug (D:1)
  5 endoplasms
  2 goblins (D:1)
  6 hobgoblins
  3 jackals (D:1)
  4 ball pythons (D:1)
  2 bats (D:1)
  2 frilled lizards (D:1)
  5 kobolds (D:1)
  2 rats (D:1)
33 creatures vanquished.

Notes
Turn   | Place    | Note
-------+----------+-------------------------------------------
     0 | D:1      | arthad the Draconian Transmuter began the quest for the
                  | Orb.
     0 | D:1      | Reached XP level 1. HP: 16/16 MP: 3/3
   161 | D:1      | Reached XP level 2. HP: 23/23 MP: 3/5
   231 | D:1      | Got the Quarto of Energy and the Salamander
   441 | D:1      | Learned a level 2 spell: Wereblood
   534 | D:1      | Reached XP level 3. HP: 28/28 MP: 4/6
   634 | D:1      | Learned a level 2 spell: Momentum Strike
  1141 | D:2      | HP: 1/29 [gnoll/+0 flail (4)]
  1142 | D:2      | Slain by a gnoll

Illustrated notes

Levels and vault maps discovered:
D:1:      psy_arrival_spokes, layout_loops_ring
D:2:      layout_basic, hangedman_feature_mirror, minmay_pentomino_q2,
          uniq_robin

Skill      XL: |  1  2 |
---------------+-------+-----
Dodging        | 2 |  2.1
Fighting       | |  1.7
Unarmed Combat | |  3.2
Spellcasting   | |  2.2
Conjurations   | |  0.6
Transmutations | |  2.4

Action                     || total
---------------------------++-------
  Melee: Unarmed           ||    93
         Kick              ||    15
         Headbutt          ||    11
         Tailslap          ||     5
   Cast: Beastly Appendage ||    21
    Use: Potion            ||     2
 Armour: Skin              ||    21
  Dodge: Dodged            ||    59
